Map: Oceanborn LE

Players

Subwayeatn

  • Race: Zerg Zerg
  • League: Gold
  • Spawn Location: 5:00

CRC - Winner!

  • Race: Protoss Protoss
  • League: Gold
  • Spawn Location: 11:00

VOD

Have the link to the VOD?

Description

Time

  • Played on: Oct. 16, 2023, 10:24 p.m.
  • Length: 8:01
Show
View Real Time Build Order
Export as new Build Order

Subwayeatn Zerg 

Build Orders: Hatch First 

Get SALT Encoding   

  12  0:00  Drone  
  13  0:12  Overlord  
  13  0:19  Drone  
  14  0:31  Drone x2  
  17  0:35  Drone  
  17  0:54  Hatchery  
  16  0:59  Drone x2  
  18  1:05  Extractor  
  17  1:17  Spawning Pool  
  16  1:28  Drone x3  
  19  1:41  Drone  
  20  1:51  Overlord  
  20  2:07  Queen  
  22  2:08  Queen  
  24  2:18  Drone x4  
  28  2:41  Drone, Roach Warren  
  28  2:42  Drone x3  
  31  2:50  Overlord  
  31  3:01  Drone x3  
  31  3:05  Drone  
  35  3:12  Overlord  
  35  3:21  Drone  
  35  3:22  Drone x3  
  35  3:25  Lair  
  33  3:44  Roach  
  33  3:45  Roach x5  
  39  4:03  Spine Crawler  
  39  4:04  Drone x6  
  44  4:16  Drone x2  
  46  4:26  Glial Reconstitution  
  46  4:31  Overlord  
  46  4:38  Drone  
  45  4:57  Zergling x12  
  51  5:06  Drone  
  50  5:10  Extractor  
  47  5:16  Zergling x2  
  47  5:17  Zergling x2  
  43  5:31  Hatchery  
  43  5:35  Metabolic Boost  
  42  5:42  Hydralisk Den  
  41  5:43  Extractor  
  41  5:45  Roach x5  
  41  5:46  Roach  
  52  5:52  Overlord  
  52  5:54  Drone  
  52  5:55  Drone x3  
  56  6:03  Queen  
  58  6:04  Queen  
  58  6:11  Overlord x2  
  60  6:27  Drone x6  
  60  6:28  Drone x2  
  68  6:34  Muscular Augments  
  68  6:37  Drone x2  
  70  6:45  Extractor  
  69  6:51  Overlord  
  69  7:11  Overlord x3  
  69  7:12  Overlord x7  
Show
View Real Time Build Order
Export as new Build Order

CRC Protoss - Winner!

Build Orders:  

Get SALT Encoding   

  12  0:02  Probe (Chrono Boost)  
  13  0:12  Probe (Chrono Boost)  
  14  0:20  Pylon  
  14  0:21  Probe  
  15  0:38  Gateway  
  15  0:41  Probe  
  16  0:53  Probe  
  17  1:01  Gateway  
  17  1:05  Probe  
  17  1:11  Gateway  
  18  1:14  Pylon  
  18  1:19  Probe  
  18  1:24  Assimilator  
  19  1:33  Cybernetics Core  
  19  1:39  Assimilator  
  19  1:40  Probe  
  20  1:53  Probe  
  21  2:00  Pylon  
  21  2:07  Probe  
  22  2:11  Adept (Chrono Boost)  
  26  2:18  Adept (Chrono Boost)  
  26  2:19  Probe  
  29  2:24  Adept (Chrono Boost)  
  29  2:31  Probe  
  29  2:35  Warp Gate (Chrono Boost)  
  30  2:45  Gateway  
  30  3:05  Nexus  
  30  3:08  Pylon  
  31  3:12  Probe  
  31  3:25  Probe  
  32  3:37  Probe  
  27  3:57  Gateway  
  27  4:05  Twilight Council  
  27  4:07  Pylon  
  27  4:17  Zealot x3  
  27  4:18  Zealot  
  35  4:30  Robotics Facility  
  35  4:38  Probe x2  
  37  4:40  Stalker x3  
  39  4:57  Stalker x2  
  39  5:29  Stalker x5  
  39  5:32  Probe  
  39  5:33  Probe  
  51  5:40  Shield Battery  
  51  5:41  Charge (Chrono Boost)  
  51  5:43  Pylon  
  51  5:44  Probe  
  51  5:45  Probe  
  53  5:56  Probe  
  54  5:58  Stalker x2  
  58  6:10  Assimilator  
  58  6:11  Assimilator  
  58  6:23  Zealot x3  
  58  6:24  Zealot x2  
  68  6:29  Observer  
  69  6:35  Gateway  
  69  6:44  Zealot x2  
  69  6:45  Zealot  
  69  6:46  Zealot  
  77  7:05  Pylon  
  77  7:09  Pylon  
  77  7:12  Pylon  
  77  7:27  Stalker x5  
Tags
 
League
GoldGold
Matchup
PvZ
Replay Pack
Multiplayer
Spawn Locations
Cross Positions
Add a new tag
Caveats
  • Supply blocks, unpowered buildings, or Contaminate may cause inaccurate times.
  • Supply counts are checked every 10 seconds.